Cogmind - Beta 15 @@@ ROGUE MODE // 2025.10.04 @ 21:58:58 Player: DietSnapple Result: Self-destructed Performance ------------- Evolutions (1) 500 Regions Visited (2) 400 Robots Destroyed (10) 50 Value Destroyed (85) 85 Prototype IDs (0) 0 Alien Tech Used (0) 0 Bonus (0) 0 TOTAL SCORE: 1035 Bonus ------- None Cogmind --------- Core Integrity 375/400 Matter 275/300 Energy 100/100 System Corruption 0% Temperature Cool (0) Movement Flying (34) Location -9/Materials Parts ------- > --- POWER (1) -------- (None) > --- PROPULSION (4) --- Flight Unit Flight Unit Flight Unit > --- UTILITY (2) ------ Small Storage Unit > --- WEAPON (2) ------- (None) > --- INVENTORY (8) ---- Light Ion Engine Small Battery (100) Small Laser Peak State ------------ > --- POWER ------------ Ion Engine > --- PROPULSION ------- Aluminum Leg Aluminum Leg > --- UTILITY ---------- Small Storage Unit Seismic Detector > --- WEAPON ----------- Medium Laser Small Laser > --- INVENTORY -------- Light Ion Engine [Rating: 7] Favorites ----------- Power Ion Engine Engine Ion Engine Propulsion Flight Unit Leg Aluminum Leg Hover Unit Hover Unit Flight Unit Flight Unit Utility Small Storage Unit Device Seismic Detector Storage Small Storage Unit Weapon Small Laser Energy Gun Small Laser Special Weapon Mining Laser Build | -11 -10 -9 ------- Run | Yrd Mat Mat Slots Evolved 2 | . . 2 Power . | . . . Propulsion 2 | . . 2 Utility . | . . . Weapon . | . . . Parts Attached 16 | 7 6 3 Power 2 | 1 1 . Engine 2 | 1 1 . Core . | . . . Reactor . | . . . Propulsion 8 | 2 4 2 Treads . | . . . Leg 2 | 2 . . Wheel . | . . . Hover 2 | . 2 . Flight 4 | . 2 2 Utility 2 | 2 . . Device 1 | 1 . . Storage 1 | 1 . . Processor . | . . . Hackware . | . . . Protection . | . . . Artifact . | . . . Weapon 4 | 2 1 1 Energy Gun 3 | 2 1 . Energy Cannon . | . . . Ballistic Gun . | . . . Ballistic Cannon . | . . . Launcher . | . . . Special Weapon 1 | . . 1 Impact Weapon . | . . . Slashing Weapon . | . . . Piercing Weapon . | . . . Special Melee Weapon . | . . . Unidentified Prototypes . | . . . Parts Lost 7 | . 4 3 Power 2 | . 1 1 Propulsion 3 | . 2 1 Utility 1 | . 1 . Weapon 1 | . . 1 Highest Loss Streak 4 | . 4 3 To Critical Strikes 1 | . 1 . Average Backups 4 | . 6 3 Power . | . 1 1 Propulsion 1 | . 2 . Utility . | . . 1 Weapon 1 | . 2 1 Tool/Special . | . . . Unused Backups 3 | . . 3 Power 1 | . . 1 Propulsion 1 | . . 1 Utility 1 | . . 1 Weapon . | . . . Tool/Special . | . . . Average Slot Usage (%) 74 | . 75 71 Engine 11 | . 12 10 Leg 2 | . 3 . Hover 11 | . 16 . Flight 14 | . 4 42 Device 7 | . 10 . Storage 13 | . 14 11 Energy Gun 9 | . 13 . Special Weapon 2 | . . 8 Peak Build Rating 7 | 7 7 7 Average Rating 5 | 5 5 6 On Entrance 3 | . 7 4 Naked Turns . | . . . Heaviest Build 14 | 14 14 9 Greatest Support 20 | 20 20 16 Greatest Overweight (x) 2 | 2 2 . Average Overweight (x) . | . . . Largest Inventory Capacity 8 | 8 8 8 Average Capacity 7 | 6 8 8 Most Carried 8 | 1 8 7 Average Carried 4 | . 6 3 Final Capacity 8 | 8 8 8 Final Carried 8 | 1 8 3 Class Distribution -------------------- 80% | Mutant 19% | Scavenger-Sprinter Dominant Class ---------------- Mutant | -10/Materials Scavenger-Sprinter | -9/Materials Resources | -11 -10 -9 ----------- Run | Yrd Mat Mat Matter Collected 330 | 228 102 . Remotely . | . . . Salvage Created 178 | 28 150 . Parts 21 | 1 20 . Haulers Intercepted . | . . . Recyclers Shooed . | . . . Parts Field Recycled . | . . . Retrieved Matter . | . . . Parts Self-Destructed . | . . . Prevented . | . . . Kills | -11 -10 -9 ------- Run | Yrd Mat Mat Combat Hostiles Destroyed 6 | . 6 . Guns 6 | . 6 . Classes Destroyed 4 | 1 3 . Worker 2 | . 2 . Tunneler 1 | 1 . . Watcher 1 | . 1 . Swarmer 6 | . 6 . Best Kill Streak 9 | 1 9 . Combat Bots Only 3 | . 3 . Max Kills in Single Turn 1 | 1 1 . Gunslinging . | . . . Exploded . | . . . Melee . | . . . Uniques/NPCs Destroyed . | . . . Combat | -11 -10 -9 -------- Run | Yrd Mat Mat Hostile Shots Fired 105 | . 74 31 Missed 37 | . 20 17 Hits 68 | . 54 14 Projectile 68 | . 54 14 Critical Strikes 2 | . 1 1 Damage Taken 624 | . 452 172 Core 144 | . 119 25 Absorbed by Shields . | . . . Core Remaining (%) 76 | 100 52 . Volleys Fired 41 | 5 36 . Largest 2 | 2 2 . Hottest 90 | 90 90 . Shots Fired 62 | 10 52 . Gun 62 | 10 52 . Cannon . | . . . Launcher . | . . . Special . | . . . Kinetic . | . . . Thermal 62 | 10 52 . Explosive . | . . . Electromagnetic . | . . . Robot Hit Streak 5 | 5 3 . Robot Miss Streak 8 | 1 8 . Penetration Max . | . . . Secondary Targets . | . . . Shots Hit Robots 26 | 8 18 . Core Hits 11 | 1 10 . Critical Kills . | . . . Critical Parts Destroyed . | . . . Critical Strikes 2 | 1 1 . Burn 2 | 1 1 . Melee Attacks . | . . . Impact . | . . . Slashing . | . . . Piercing . | . . . Sneak Attacks . | . . . Combat Hostiles . | . . . Follow-up Attacks . | . . . Damage Inflicted 328 | 95 233 . Guns 328 | 95 233 . Cannons . | . . . Explosions . | . . . Melee . | . . . Ramming . | . . . Kinetic . | . . . Thermal 328 | 95 233 . Explosive . | . . . Electromagnetic . | . . . Impact . | . . . Slashing . | . . . Piercing . | . . . Highest Corruption . | . . . Average Corruption . | . . . Corruption Purged . | . . . Corruption Blocked . | . . . Overload Shots . | . . . Overflow Damage . | . . . Projectiles . | . . . Explosions . | . . . Melee . | . . . Knockbacks . | . . . Impact . | . . . Kinetic . | . . . Secondary . | . . . Self-Inflicted Damage . | . . . Shots . | . . . Rammed . | . . . Targets Rammed . | . . . Kicked . | . . . Crushed . | . . . Highest Temperature 370 | 150 370 20 Average Temperature 167 | 78 194 11 Received Heat Transfer 51 | . 15 36 Effects 3 | . 3 . Shutdowns 1 | . 1 . Energy Bleed 1 | . 1 . Short Circuit 1 | . 1 . Siege Activations . | . . . Martial Activations . | . . . Shielding Activations . | . . . Robots Disrupted . | . . . Combat Hostiles . | . . . Robots Corrupted . | . . . Combat Hostiles . | . . . Parts Fried . | . . . Impact Corruptions . | . . . Robots Melted . | . . . Combat Hostiles . | . . . Parts Melted 2 | . 2 . Heat Transferred 945 | 310 635 . Parts Sabotaged . | . . . Parts Stolen . | . . . Parts Stripped . | . . . Power Chain Reactions . | . . . Alert | -11 -10 -9 ------- Run | Yrd Mat Mat Maximum Alert Level . | . . . Low Security (%) 100 | 100 100 100 Level 1 . | . . . Level 2 . | . . . Level 3 . | . . . Level 4 . | . . . Level 5 . | . . . High Security . | . . . Max Security . | . . . Peak Influence 68 | 5 68 20 Initial 20 | . . 20 Average 17 | . 26 11 Influence Increases 193 | 5 158 30 Destroy 0b10 Robot/C 120 | . 120 . Destroy 0b10 Robot/NC 20 | 5 15 . Destroy Leader 22 | . 22 . Destroy Structure 1 | . 1 . Partial Spotted 15 | . . 15 Lose Combat Pursuer 15 | . . 15 Influence Decreases 193 | 5 110 78 Entered New Map 28 | . . 28 Time Decay 115 | 5 70 40 Lost Part 50 | . 40 10 Squads Dispatched 1 | . . 1 Investigation . | . . . Extermination . | . . . Reinforcement 1 | . . 1 Assault . | . . . Garrison . | . . . Intercept . | . . . Searches Triggered . | . . . Construction Impeded . | . . . Haulers Reinforced . | . . . Active Scanning Responses . | . . . Cargo Convoy Interrupts . | . . . Stealth | -11 -10 -9 --------- Run | Yrd Mat Mat Distress Signals 2 | . 1 1 Communications Jammed . | . . . Distress Signals . | . . . Times Spotted 17 | . 10 7 Peak Tracking Total 5 | . 4 5 Tactical Retreats 1 | . . 1 Traps | -11 -10 -9 ------- Run | Yrd Mat Mat Traps Triggered . | . . . Indirectly . | . . . Trap Hack Attempts . | . . . Triggered . | . . . Disarmed . | . . . Reprogrammed . | . . . Reused . | . . . Traps Extracted . | . . . Installed . | . . . Triggered . | . . . Machines | -11 -10 -9 ---------- Run | Yrd Mat Mat Machines Disabled . | . . . Max in Single Turn . | . . . Machines Repaired . | . . . Machines Dismantled . | . . . Machines Sabotaged . | . . . Overloaded Fab Kills . | . . . Hacking | -11 -10 -9 --------- Run | Yrd Mat Mat Machines Accessed . | . . . Terminals . | . . . Fabricators . | . . . Repair Stations . | . . . Recycling Units . | . . . Scanalyzers . | . . . Garrison Access . | . . . Total Hacks . | . . . Successful . | . . . Failed . | . . . Catastrophic . | . . . Database Lockouts . | . . . Manual . | . . . Terminals . | . . . Fabricators . | . . . Repair Stations . | . . . Recycling Units . | . . . Scanalyzers . | . . . Garrison Access . | . . . Terminal Hacks . | . . . Fabricator Hacks . | . . . Repair Station Hacks . | . . . Recycling Unit Hacks . | . . . Scanalyzer . | . . . Garrison Access Hacks . | . . . Unauthorized Hacks . | . . . Terminals . | . . . Fabricators . | . . . Repair Stations . | . . . Recycling Units . | . . . Scanalyzers . | . . . Garrison Access . | . . . Data Cores Recovered . | . . . Used . | . . . Hacking Detections . | . . . Full Trace Events . | . . . Feedback Events . | . . . Feedback Blocked . | . . . Robot Schematics Acquired . | . . . Robots Built . | . . . Authchips . | . . . Time . | . . . Total Robot Build Rating . | . . . Part Schematics Acquired . | . . . Parts Built . | . . . Authchips . | . . . Time . | . . . Total Part Build Rating . | . . . Parts Repaired . | . . . Time . | . . . Parts Recycled . | . . . Recycled Matter . | . . . Retrieved Matter . | . . . Retrieved Components . | . . . Parts Scanalyzed . | . . . Part Schematics Acquired . | . . . Parts Damaged . | . . . Bothacking | -11 -10 -9 ------------ Run | Yrd Mat Mat Used RIF Installer . | . . . Robots Hacked . | . . . Non-combat . | . . . Combat . | . . . Robot Hacks Applied . | . . . Relay Couplers Released . | . . . Fabnet Peak Effective % . | . . . Robots Rewired . | . . . Allies Hacked . | . . . Hacks Repelled . | . . . Allies | -11 -10 -9 -------- Run | Yrd Mat Mat Total Allies . | . . . Largest Group . | . . . Highest-Rated Group . | . . . Highest-Rated Ally . | . . . Total Orders . | . . . Ally Attacks . | . . . Total Damage . | . . . Kills . | . . . Allies Corrupted . | . . . Allies Melted . | . . . Intel | -11 -10 -9 ------- Run | Yrd Mat Mat Active Infowar (turns) 242 | 42 200 . Seismic 242 | 42 200 . Robot Analysis Total . | . . . Derelict Logs Recovered . | . . . Drone Launches . | . . . Drone Recoveries . | . . . Exploration | -11 -10 -9 ------------- Run | Yrd Mat Mat Turns Passed 480 | 111 268 101 Spaces Moved 662 | 81 272 309 Core 24 | 22 2 . Treads . | . . . Legs 75 | 59 16 . Wheels . | . . . Hover 165 | . 165 . Flight 398 | . 89 309 Fastest Speed 31 | 50 37 31 Average Speed 51 | 104 58 31 Slowest Speed 190 | 150 190 34 Overloaded Moves . | . . . Propulsion Burnouts . | . . . Robots Hopped 3 | . . 3 Potential Cave-ins . | . . . Cave-ins Triggered . | . . . Exploration Rate (%) 21 | 4 32 29 Regions Visited 2 Branch Regions . Pre-discovered Areas . | . . . Known Exits Taken . | . . . Unknown Exits Taken 2 | 1 1 . Scrap Searched . | . . . Spaces Dug . | . . . Terrain Destroyed . | . . . Melee . | . . . Projectile . | . . . AOE . | . . . Terrain Rammed . | . . . Walls Destroyed . | . . . Machines Disabled . | . . . Actions | -11 -10 -9 --------- Run | Yrd Mat Mat Total 731 | 93 327 311 Wait 3 | . 3 . Move 654 | 80 271 303 Hop 3 | . . 3 Pick Up 7 | 1 6 . Fast Attach 10 | 7 3 . Attach 5 | . 2 3 Detach 3 | . 3 . Swap 2 | . 2 . Drop 3 | . 1 2 Fire 41 | 5 36 . Melee . | . . . Ram . | . . . Kick . | . . . Crush . | . . . Escape Stasis . | . . . Rewire . | . . . Trap . | . . . Miscellaneous . | . . . Route ------- -11/Scrapyard -10/Materials (discovered 2 exits: [*Mat x2]) -9/Materials (discovered 2 exits: [*Min] / [*Sto]) History --------- Turn | Location | Event 18 | -11/Scrapyard | Discovered new exit (range 16) 112 | -11/Scrapyard | Entered Materials 190 | -10/Materials | Discovered new exit (range 4) 303 | -10/Materials | Build established: Mutant 346 | -10/Materials | Lost 4 parts (1p2n1u) 355 | -10/Materials | Discovered new exit (range 16) 380 | -10/Materials | Entered another Materials area 380 | -9/Materials | Evolved 2 slots: Propulsion x2 388 | -9/Materials | Discovered new exit (range 9) 436 | -9/Materials | Discovered new exit (range 8) 481 | -9/Materials | Self-destructed Last Messages --------------- 00340_ Acquired Flight Unit. 00347_ Extracted 20 matter. 00349_ Acquired Lgt. Ion Engine. 00355_ EXIT=FOUND PARAMETERS=PROPULSION+2 LOCATION=UNKNOWN GOAL=ESCAPE 00383_ Dropped Hover Unit. 00384_ Dropped Broken Med. Laser. 00388_ EXIT=FOUND 00420_ O-16 Technician: "IFF HANDSHAKE FAILED. SECURING TERMINAL." 00426_ ALERT: Hostiles spotted, dispatching reinforcements to Terminal M004. 00436_ EXIT=FOUND 00453_ K-01 Serf collects debris. 00457_ W-16 Scout sends out distress signal. 00459_ Critical hit (Burn: +37). 00465_ Mining Laser destroyed. 00476_ Lgt. Ion Engine destroyed. 00477_ Flight Unit destroyed. Map ----- +----------------------------------------------------+ | ?????????????????????????????????????????????????? | | ?????????????????????????????????????????????????? | | ?????????????????????????????????????????????????? | | ?????????????????????????????????????????????????? | | ?????????????????????????????????????????????????? | | ?????????????????????????????????????????????????? | | ?????????????????????????????????????????????????? | | ?????????????????????????????????????????????????? | | ?????????????????????????????????????????????????? | | ?????????????????????????????????????????????????? | | ?????????????????????????????????????????????????? | | ?????????????????????????????????????????????????? | | ?????????????????????????????????????????????????? | | ?????????????????????????????????????????????????? | | ?????????????????????????????????????????????????? | | ?????????????????????????????????????????????????? | | ?????????????????????????????????????????????????? | | ?????????????????????????????????????????????????? | | ?????????????????????????????????????????????????? | | ??????????????????????????????????????? ????? | | ???????????################???????????# ????? | | ??????????? # #???????????# ????# | | ??????????# # """ #???????????# ????# | | ??????????# # R" #??????????## ##??# | | ??????????# # """ #??????????# #??# | | ??????????# """ """ # @#??????????# ???# | | ??????????# """ """ ##+####??????????# < ???# | | ??????????# """ """ ## #########?+???# ???# | | ??????????# ## # % ] #? ???? ???# | | ??????????#####+###### + ! ## #???# #???# | | ?????????????# # ## #???# #???# | | ?????????????# [ ########## #???# #???# | | ?????????????# ]]]#???????## ##### #???# | | ?????????????# ! ]]]#???????# ##### | | ?????????????# ]]]#???????# | | ?????????????#== #?####??# ##### | | ?????????????#== ### ??# #####+####?# | | ?????????????# ##""" ?# # #?#### | | ?????????????# ##""" ?# # """ #????? | | ?????????????# ##""" # # """ #????? | | ?????????????####+### ##""" # # """ #????? | | ??????????????? ## ##""" + + #????? | | ????????????? ## ## # # """ #????? | | ????????????# "" ## ## ### # """ #????? | | ????????????# "Y # # ???# # """ #????? | | ????????????# "" # # ???# # #????? | | ????????????# / # # ????# ##+##+####????? | | ????????????######## # ????# #???????? | | ???????????????????# ###?????# +???????? | | ???????????????????## ##???????# #???????? | +----------------------------------------------------+ Best States ------------- Heat Dissipation 28 Energy Generation 10 Energy Capacity 250 Matter Stores 300 Matter Capacity 300 Sight Range 16 Terrain Scan Density 10 Evasion (%) 63 Item Schematics ----------------- None Robot Schematics ------------------ None Fabricated ------------ Nothing Repaired ---------- Nothing Alien Tech Used ----------------- None Achievements -------------- None Challenges ------------ None Game ------ Seed ArcsightMiningSuite Manual? 0 Play Time 00:07:06 Cumulative 10.5 hours Start 2025.10.04 @ 21:52:19 End 2025.10.04 @ 21:58:58 Sessions 1 Manual Loads 0 Difficulty Rogue Special Mode None Game No. 31 Rogue 24 Adventurer 7 Explorer 0 Win Type - Total 0 Types 0/0/0/0/0/0/0/0/0/0 Lore% 2 Gallery% 14 Achievement% 13 Wizard Run 0 Options --------- Layout 1 ASCII 0 Keyboard 1 Movement Vi Keybinds 0 Fullscreen 1 Font 24/Smallcaps Map View 76x35 Zoom Use 0% Tactical HUD 1 Map Filters NONE Filters NONE Steam 1 RUN: 9a4edae1-3e6c-4a05-abd7-dbd42cfdd84f